 Dungeon Crawl Stone Soup version 0.30-b1-5-g8e6c1be481 (webtiles) character file.

Game seed: 8645993622987219899

42 monsoonserge the Cudgeller (level 3, -1/19 (29) HPs)
             Began as a Draconian Reaver on May 4, 2023.
             Succumbed to Crazy Yiuf's poison
             ... on level 2 of the Dungeon.
             The game lasted 00:03:40 (1485 turns).

monsoonserge the Cudgeller (Draconian Reaver)       Turns: 1485, Time: 00:03:42

HP:   -1/19 (29)    AC:  6    Str: 20    XL:     3   Next: 35%
MP:   0/6           EV: 12    Int: 15    God:
Gold: 112           SH:  0    Dex: 15    Spells: 3/6 levels left

rFire   . . .        a - +0 mace
rCold   . . .        (no shield)
rNeg    . . .        (body armour unavailable)
rPois   .            (helmet restricted)
rElec   .            (no cloak)
rCorr   .            p - +0 pair of gloves
SInv    .            (no boots)
Will    .....        (no amulet)
Stlth   +            d - +6 ring of strength
HPRegen 0.23/turn    k - +6 ring of dexterity
MPRegen 0.10/turn

%: no passive effects
@: lethally poisoned (-1 -> -16), very heavily drained
A: AC +5, unfitting armour, cold-blooded
a: no special abilities


You were on level 2 of the Dungeon.
You visited 1 branch of the dungeon, and saw 2 of its levels.

You collected 112 gold pieces.

Inventory:

Hand Weapons
 a - a +0 mace (weapon)
Missiles
 b - 24 stones
Armour
 p - a +0 pair of gloves (worn)
Jewellery
 d - a +6 ring of strength (left hand)
 k - a +6 ring of dexterity (right hand)
Scrolls
 f - 3 scrolls of fog {unknown}
 g - a scroll of identify {unknown}
 i - a scroll of enchant armour {unknown}
 n - a scroll of teleportation {unknown}
 o - a scroll of acquirement {unknown}
Potions
 c - 3 potions of curing {unknown}
 e - 2 potions of brilliance {unknown}
 h - a potion of mutation {unknown}
 j - a potion of attraction {unknown}
 l - a potion of flight {unknown}
 m - a potion of degeneration {unknown}


   Skills:
 + Level 2.3 Fighting
 + Level 3.6 Maces & Flails
 + Level 2.0 Dodging
 + Level 2.0 Spellcasting
 + Level 3.4 Conjurations
 * Level 0.9 Necromancy


You had 3 spell levels left.
You knew the following spells:

 Your Spells              Type           Power      Damage    Failure   Level
a - Kiss of Death         Conj/Necr      32%        2d7       9%          1
b - Momentum Strike       Conj/Tloc      12%        3d8       17%         2

Your spell library contained the following spells:

 Spells                   Type           Power      Damage    Failure   Level
 Sting                    Tmut/Pois      4%         1d3       22%         1
 Lesser Beckoning         Tloc           2%         N/A       32%         2
 Poisonous Vapours        Pois/Air       2%         N/A       32%         2
 Hailstorm                Conj/Ice       6%         3d4       32%         3
 Gell's Gravitas          Tloc           1%         N/A       54%         3
 Ozocubu's Armour         Ice            1%         N/A       54%         3
 Teleport Other           Tloc           1%         N/A       54%         3
 Leda's Liquefaction      Hex/Erth       0%         N/A       91%         4
 Olgreb's Toxic Radiance  Pois           1%         N/A       91%         4
 Lee's Rapid Deconstruct  Erth           0%         3d4*      99%         5
 Statue Form              Tmut/Erth      0%         N/A       100%        6
 Ozocubu's Refrigeration  Ice            0%         4d7       100%        7


Dungeon Overview and Level Annotations

Branches:
Dungeon (2/15)

Altars:


Innate Abilities, Weirdness & Mutations

Your plain brown scales are hard. (AC +5)
You cannot fit into any form of body armour.
You are cold-blooded and may be slowed by cold attacks.


Message History

You see here a +0 hammer.
Found a hammer.
You see here a +0 hammer.
Crazy Yiuf shouts!
You see here a +0 hammer.
Found three hammers.
Crazy Yiuf yells, "Citrus!
Shower arga childish."
You see here a +0 hammer.
As you open the door, it creaks loudly!
You barely miss Crazy Yiuf.
Crazy Yiuf hits you with a +2 quarterstaff of chaos!
You feel your power leaking away.
You hit Crazy Yiuf but do no damage. Crazy Yiuf misses you.
You hit Crazy Yiuf but do no damage.
Crazy Yiuf hits you with a +2 quarterstaff of chaos.
You suddenly lose the ability to move!
Crazy Yiuf hits you but does no damage.
Crazy Yiuf yells, "Prologue!"
Crazy Yiuf hits you with a +2 quarterstaff of chaos.
Crazy Yiuf burns you.
You can move again.
Cast which spell? (? or * to list)
Aiming: Kiss of Death (safe; 9% risk of failure)
Press: ? - help, Shift-Dir - straight line, f - Crazy Yiuf
Aim: Crazy Yiuf, wielding a +2 quarterstaff of chaos and wearing a +0 cloak (100% to hit)
The negative energy hits Crazy Yiuf.
Crazy Yiuf is drained!
Crazy Yiuf is heavily wounded.
You feel drained.
Crazy Yiuf hits you with a +2 quarterstaff of chaos!
* * * LOW HITPOINT WARNING * * *
You are lethally poisoned!
Casting: Kiss of Death (safe; 9% risk of failure)
Confirm with . or Enter, or press ? or * to list all spells.
Aiming: Kiss of Death (safe; 9% risk of failure)
Press: ? - help, Shift-Dir - straight line, f/p - Crazy Yiuf
Aim: Crazy Yiuf, wielding a +2 quarterstaff of chaos and wearing a +0 cloak (heavily wounded, heavily drained, 100% to hit)
The negative energy hits Crazy Yiuf!
Crazy Yiuf is drained!
You kill Crazy Yiuf!
You feel drained.
You die...

#....####.# # ##..##
#.### # #....# #...# #
#)..## #...# # ##)##
#...# # #)## #...# # ##)#
#...# # #)## #...# ######
##@# #...# #....# #)#
#...# #....# ))) #...#
#....# #)))# #...# #....#
#).)# #.### #....# #####
#.# #....# #.# #....#
##############.#####....#
#.........>..............


There were no monsters in sight!

Vanquished Creatures
  Crazy Yiuf (D:2)
  An adder (D:2)
  A dart slug (D:1)
  2 ball pythons (D:1)
  5 goblins
  4 hobgoblins (D:1)
  2 kobolds (D:1)
  2 quokkas
  4 bats (D:1)
  6 frilled lizards
  4 rats (D:1)
32 creatures vanquished.

Notes
Turn   | Place    | Note
-------+----------+-------------------------------------------
     0 | D:1      | monsoonserge the Draconian Reaver began the quest for the
                  | Orb.
     0 | D:1      | Reached XP level 1. HP: 17/17 MP: 3/3
   169 | D:1      | Reached XP level 2. HP: 24/24 MP: 5/5
   287 | D:1      | Found a faded altar of an unknown god.
   601 | D:1      | Reached XP level 3. HP: 28/29 MP: 6/6
  1237 | D:2      | Learned a level 2 spell: Momentum Strike
  1474 | D:2      | Found a runed translucent door.
  1475 | D:2      | Noticed Crazy Yiuf
  1481 | D:2      | Paralysed by Crazy Yiuf for 3 turns
  1485 | D:2      | Killed Crazy Yiuf
  1485 | D:2      | Succumbed to Crazy Yiuf's poison

Illustrated notes

Levels and vault maps discovered:
D:1:      minmay_arrival_loop, layout_loops_ring,
          shapermc_ecumenical_altar_acropolis
D:2:      layout_basic, uniq_crazy_yiuf_cottage

Skill      XL: |  1  2  3 |
---------------+----------+-----
Dodging        | 2 |  2.0
Fighting       | |  2.3
Maces & Flails | |  3.6
Spellcasting   | |  2.0
Conjurations   | |  3.4
Necromancy     | |  0.9

Action                     || total
---------------------------++-------
  Melee: Mace              ||    81
         Tailslap          ||     6
         Punch             ||     1
   Cast: Kiss of Death     ||     2
 Armour: Skin              ||    25
  Dodge: Dodged            ||    61
